Map: Moonlight Madness LE (Void)

Players

Jaozeny

  • Race: Terran Terran
  • League: Platinum

Javert - Winner!

  • Race: Zerg Zerg
  • League: Grandmaster

VOD

Have the link to the VOD?

Description

Time

  • Played on: Sept. 19, 2015, 8:13 p.m.
  • Length: 4:18
Show
View Real Time Build Order
Export as new Build Order

Jaozeny Terran 

Build Orders: Command Center First (CC) 

Get SALT Encoding   

  12  0:01  SCV  
  13  0:13  SCV  
  14  0:17  Supply Depot  
  14  0:26  SCV  
  15  0:39  SCV  
  16  0:51  SCV  
  17  1:01  Command Center  
  17  1:04  SCV  
  18  1:14  Barracks  
  18  1:17  SCV  
  19  1:29  SCV  
  20  1:42  Supply Depot, SCV  
  21  1:53  Refinery  
  21  1:54  SCV  
  21  2:00  Marine  
  23  2:09  Orbital Command  
  23  2:13  Orbital Command  
  23  2:15  Barracks  
  23  2:18  Marine  
  24  2:36  SCV, Marine  
  26  2:44  SCV  
  26  2:48  SCV  
  26  2:50  Refinery  
  28  2:56  SCV  
  29  3:01  Marine  
  30  3:06  Marine  
  31  3:14  Command Center  
  31  3:16  SCV x2  
  33  3:21  Factory  
  33  3:24  Bunker  
  33  3:26  Barracks Tech Lab  
  33  3:30  SCV  
  33  3:31  SCV  
  35  3:41  Engineering Bay  
  35  3:43  SCV x2  
  35  3:44  Engineering Bay  
  37  3:49  Marauder  
  37  3:50  Supply Depot  
  39  3:58  SCV x2  
  41  4:03  Barracks Reactor  
  41  4:05  Refinery  
Show
View Real Time Build Order
Export as new Build Order

Javert Zerg - Winner!

Build Orders: Hatch First 

Get SALT Encoding   

  12  0:01  Drone  
  13  0:14  Overlord  
  13  0:18  Drone  
  14  0:33  Drone x2  
  16  0:37  Drone  
  17  0:54  Hatchery  
  16  0:58  Drone  
  16  1:01  Drone  
  18  1:14  Spawning Pool  
  18  1:15  Drone  
  18  1:21  Drone  
  20  1:32  Drone  
  20  1:42  Drone  
  21  1:56  Overlord  
  21  2:05  Queen  
  21  2:06  Queen  
  25  2:09  Extractor  
  25  2:13  Zergling x2  
  25  2:14  Zergling x2  
  26  2:18  Drone  
  26  2:21  Hatchery  
  26  2:23  Drone  
  27  2:35  Drone x3  
  30  2:46  Queen  
  30  2:49  Overlord  
  30  2:51  Drone x2  
  34  3:00  Drone  
  34  3:01  Drone  
  36  3:11  Overlord  
  36  3:27  Drone  
  36  3:28  Drone x7  
  44  3:39  Drone x4  
  48  3:48  Overlord x2  
  61  4:18  Baneling Nest  
Tags
 
Add a new tag
Caveats
  • Supply blocks, unpowered buildings, or Contaminate may cause inaccurate times.
  • Supply counts are checked every 10 seconds.